 Dungeon Crawl Stone Soup version 0.25.1-2-g60ff931df9 (webtiles) character file.

Game seed: 16460278125829244010

5538 lepoulpe303 the Transmogrifier (level 10, -8/48 (49) HPs)
             Began as a Spriggan Venom Mage on July 30, 2020.
             Was a Believer of Dithmenos.
             Mangled by Gastronok (27 damage)
             ... on level 9 of the Dungeon on July 31, 2020.
             The game lasted 00:45:31 (12505 turns).

lepoulpe303 the Transmogrifier (SpVM)              Turns: 12505, Time: 00:45:32

HP:   -8/48 (49)    AC:  2    Str:  4    XL:     10   Next: 43%
MP:   3/23          EV: 23    Int: 18    God:    Dithmenos [**....]
Gold: 400           SH:  5    Dex: 17    Spells: 13/26 levels left

rFire    . . .     SeeInvis +   b - +5 dagger "Hiryhurgh" {flame, +Rage rPois Int-2}
rCold    . . .     Gourm    .   (shield restricted)
rNeg     . . .     Faith    .   B - +0 robe
rPois    +         Spirit   .   (helmet restricted)
rElec    .         Reflect  +   (no cloak)
rCorr    +         Harm     .   (gloves unavailable)
MR       +....                  (boots unavailable)
Stlth    +++++.....             o - amulet of reflection
HPRegen  0.16/turn              C - ring of resist corrosion
MPRegen  0.18/turn              (no ring)

@: wreathed by umbra, very quick
A: very small, unfitting armour, see invisible, herbivore, speed 3, slow
metabolism 2
a: Shadow Step, Renounce Religion, Evoke Berserk Rage


You were on level 9 of the Dungeon.
You worshipped Dithmenos.
Dithmenos was pleased with you.
You were not hungry.

You visited 2 branches of the dungeon, and saw 10 of its levels.

You collected 400 gold pieces.

Inventory:

Hand Weapons
 a - a +1 dagger of venom
 b - the +5 dagger "Hiryhurgh" (weapon) {flame, +Rage rPois Int-2}
   (You found it on level 7 of the Dungeon)

   It has been specially enchanted to burn those struck by it, causing extra
   injury to most foes and up to half again as much damage against particularly
   susceptible opponents.
   It affects your intelligence (-2).
   It protects you from poison.
   It lets you go berserk.
 c - a +2 dagger of speed
 H - a +1 dagger of draining
Missiles
 s - 14 poisoned darts
 x - 3 boomerangs of dispersal {=f}
 E - 4 curare-tipped darts (quivered)
Armour
 B - a +0 robe (worn)
Jewellery
 o - an amulet of reflection (around neck)
 C - a ring of resist corrosion (left hand)
 Q - an uncursed amulet of faith {Faith, !P}
Wands
 u - a wand of polymorph (8)
 D - a wand of digging (5)
Scrolls
 f - a scroll of amnesia {unknown}
 i - a scroll of identify
 j - 2 scrolls of fog {unknown}
 n - 5 scrolls of teleportation {unknown}
 p - 2 scrolls of immolation {unknown}
 t - a scroll of random uselessness {unknown}
 w - 4 scrolls of remove curse
 y - a scroll of silence {unknown}
 F - a scroll of enchant weapon {unknown}
Potions
 d - 2 potions of ambrosia {unknown}
 g - a potion of curing {unknown}
 h - 2 potions of flight {unknown}
 k - 2 potions of stabbing
 l - 5 potions of berserk rage {!q}
 m - 3 potions of magic
 q - 2 potions of brilliance {unknown}
 r - 2 potions of might {unknown}
 v - a potion of heal wounds {unknown}
 z - 2 potions of degeneration {unknown}
 A - a potion of haste {unknown}
 G - a potion of lignification {unknown}
Comestibles
 e - 12 rations


   Skills:
 + Level 3.5 Fighting
 + Level 4.8 Short Blades
 + Level 7.4 Dodging
 + Level 7.9 Stealth
 * Level 8.5 Spellcasting
 * Level 8.8 Transmutations
 * Level 7.3 Poison Magic
 * Level 4.7 Invocations


You had 13 spell levels left.
You knew the following spells:

 Your Spells              Type           Power        Failure   Level  Hunger
a - Sting                 Tmut/Pois      ####         1%          1    None
b - Poisonous Vapours     Pois/Air       ###...       3%          2    None
c - Ignite Poison         Fire/Tmut/Pois ####....     3%          3    None
d - Olgreb's Toxic Radia  Pois           ####....     4%          4    ###....
x - Mephitic Cloud        Conj/Pois/Air  ###.....     10%         3    None

Your spell library contained the following spells:

 Spells                   Type           Power        Failure   Level  Hunger


Dungeon Overview and Level Annotations

Branches:
Dungeon (9/15)             Temple (1/1) D:4
   Lair: D:8-11         Orc: D:9-12

Altars:
Ashenzari
Cheibriados
Dithmenos
Elyvilon
Fedhas
Gozag
Hepliaklqana
Kikubaaqudgha
Makhleb
Qazlal
Ru
Sif Muna
Trog
Uskayaw
Vehumet
Wu Jian
Xom
Yredelemnul
Zin
The Shining One

Shops:
D:6 **[[=

Annotations:
D:6 1 runed translucent door
D:9 Gastronok


Innate Abilities, Weirdness & Mutations

You are very small and have problems with some larger weapons.
You are too small for most types of armour.
You have supernaturally acute eyesight. (SInv)
You are a herbivore.
You cover ground extremely quickly.
You need to consume almost no food.


Message History

You hit Gastronok. You burn Gastronok. The quokka misses you.
Gastronok's mouth opens, radula flailing wildly.
Gastronok's eyestalks quiver as he mumbles some strange words.
Gastronok puts on a burst of speed!
You hit Gastronok but do no damage. The bat completely misses you.
The quokka completely misses you.
You hit Gastronok. You burn Gastronok. The bat misses you.
The quokka completely misses you.
You hit Gastronok. You burn Gastronok. The bat misses you.
The quokka completely misses you. Gastronok completely misses you.
You hit Gastronok. You burn Gastronok. The bat misses you.
You block the quokka's attack.
You hit Gastronok. You burn Gastronok. The bat completely misses you.
The quokka bites you.
* * * LOW HITPOINT WARNING * * *
You take 2 damage, and have 19/48 hp.
You hit Gastronok. You burn Gastronok. The bat misses you.
Gastronok bites you!!
Ouch! That really hurt!
You die...

#...............##.
##...............# .
######................#
#######...
.................#
#........# #..........
#........# #..........
#........###.<........
#......†.#....r.......
#.......<#....@w......w#
#......÷[..............#
#########..).b....)$....
#.))............
#...............
#..÷......./....
#..[............
#.......†.......
#........##.....


You could see Gastronok (swift, very poisoned), a quokka (summoned) and a bat
(summoned).

Levels and vault maps discovered:
D:1:      dpeg_arrival_caged_fury, layout_loops_ring
D:2:      layout_loops_ring, nicolae_dithmenos_through_a_glass_darkly,
          kennysheep_slug_shrine, first_ration, kennysheep_crisscross,
          uniq_robin
D:3:      layout_rooms, vehumet_crystals
D:4:      layout_rooms, minmay_temple_entry_statues_pillars
D:5:      layout_gridville, uniq_pikel
D:6:      layout_basic, lemuel_crystal_altar, minitemple, kennysheep_mini_moat,
          serial_shops, nicolae_shop_trees, minmay_shop_grid_forest,
          dk_yredelemnul_ordeal
D:7:      layout_loops_corners, hangedman_ru_absence,
          nicolae_overflow_hidden_temple, grunt_livestock
D:8:      layout_layer_cave, basic_altar
D:9:      layout_rooms, xom_shifter_show, okawaru_gym_becter,
          nemelex_altar_shiori, uniq_erolcha, uniq_gastronok
Temple:   nicolae_temple_figure_zero

Notes
Turn   | Place    | Note
-------+----------+-------------------------------------------
     0 | D:1      | lepoulpe303 the Spriggan Venom Mage began the quest for the
                  | Orb.
     0 | D:1      | Reached XP level 1. HP: 9/9 MP: 5/5
     1 | D:1      | Found a runed translucent door.
   148 | D:1      | Identified a +0 club
   194 | D:1      | Identified a +0 whip
   195 | D:1      | Reached XP level 2. HP: 13/13 MP: 4/6
   487 | D:1      | Reached skill level 3 in Spellcasting
   743 | D:1      | Learned a level 2 spell: Poisonous Vapours
   866 | D:1      | Reached skill level 2 in Transmutations
  1094 | D:1      | Reached XP level 3. HP: 6/16 MP: 3/8
  1724 | D:2      | Identified a +0 club
  1854 | D:2      | Reached XP level 4. HP: 21/21 MP: 7/10
  1859 | D:2      | Learned a level 3 spell: Ignite Poison
  1953 | D:2      | Identified a +0 club
  1953 | D:2      | Identified a cursed -1 club
  1957 | D:2      | Identified a +0 club
  1957 | D:2      | Identified a +0 dagger
  1959 | D:2      | Identified a +0 club
  1960 | D:2      | Identified a +0 club
  1960 | D:2      | Identified a +0 animal skin
  1960 | D:2      | Identified a +0 helmet
  1960 | D:2      | Noticed Robin
  1960 | D:2      | Identified a +0 dagger
  1960 | D:2      | Identified a +0 hunting sling
  2139 | D:2      | Identified a +0 club
  2152 | D:2      | Identified a +0 short sword
  2163 | D:2      | Identified 4 scrolls of remove curse
  2175 | D:2      | Identified a +0 club
  2473 | D:2      | Identified a +0 dagger
  2484 | D:2      | Killed Robin
  2484 | D:2      | Reached skill level 3 in Transmutations
  2699 | D:2      | Identified a +0 club
  2735 | D:2      | Found a shadowy altar of Dithmenos.
  2820 | D:2      | Found a snail-covered altar of Cheibriados.
  2999 | D:3      | Identified a +0 club
  3055 | D:3      | Reached skill level 4 in Dodging
  3055 | D:3      | Reached XP level 5. HP: 21/25 MP: 8/11
  3060 | D:3      | Learned a level 3 spell: Mephitic Cloud
  3359 | D:3      | Identified a +0 dagger
  3359 | D:3      | Identified a +0 hunting sling
  3466 | D:3      | Found a radiant altar of Vehumet.
  3609 | D:4      | Identified a +0 club
  3609 | D:4      | Identified a cursed +0 ring mail
  3625 | D:4      | Reached skill level 4 in Spellcasting
  3677 | D:4      | Reached skill level 4 in Stealth
  3677 | D:4      | Reached skill level 4 in Poison Magic
  3700 | D:4      | Reached skill level 1 in Short Blades
  3765 | D:4      | Found a staircase to the Ecumenical Temple.
  3773 | D:4      | Identified 4 scrolls of identify
  3773 | D:4      | Identified 4 potions of berserk rage
  3774 | D:4      | Identified a ring of resist corrosion (You found it on
                  | level 4 of the Dungeon)
  3775 | D:4      | Identified an amulet of reflection (You found it on level 3
                  | of the Dungeon)
  3781 | Temple   | Entered the Ecumenical Temple
  3899 | D:4      | Identified a +0 falchion
  3900 | D:4      | Identified a +0 flail
  3903 | D:4      | Identified a +0 long sword
  3903 | D:4      | Identified a +0 dagger
  4022 | D:4      | Identified a +0 flail
  4022 | D:4      | Identified a +0 ring mail
  4178 | D:4      | Reached XP level 6. HP: 21/29 MP: 10/13
  4184 | D:4      | Learned a level 4 spell: Olgreb's Toxic Radiance
  4510 | D:5      | Entered Level 5 of the Dungeon
  4683 | D:5      | Reached skill level 1 in Fighting
  4704 | D:5      | Reached skill level 4 in Transmutations
  5105 | D:5      | Identified a +0 mace
  5235 | D:5      | Noticed an ice beast
  5245 | D:5      | Killed an ice beast
  5245 | D:5      | Reached XP level 7. HP: 33/33 MP: 5/15
  5326 | D:5      | Identified a +0 dagger
  5326 | D:5      | Identified a +0 robe
  5326 | D:5      | Identified a +0 dagger
  5326 | D:5      | Identified a +0 leather armour
  5326 | D:5      | Identified a +0 leather armour
  5504 | D:5      | Identified a +0 giant club
  5551 | D:5      | Reached skill level 2 in Short Blades
  5551 | D:5      | Reached skill level 5 in Spellcasting
  5610 | D:5      | Reached skill level 5 in Dodging
  5610 | D:5      | Reached skill level 5 in Stealth
  5610 | D:5      | Reached skill level 5 in Transmutations
  6261 | D:5      | Identified a +0 whip of electrocution
  6261 | D:5      | Identified a +0 robe
  6261 | D:5      | Noticed Pikel
  6363 | D:5      | Paralysed by Pikel for 7 turns
  6372 | D:5      | HP: 8/34 [Pikel/+0 whip of electrocution (15)]
  6373 | D:5      | Killed Pikel
  6373 | D:5      | Reached skill level 2 in Fighting
  6373 | D:5      | Reached skill level 6 in Spellcasting
  6373 | D:5      | Reached skill level 6 in Transmutations
  6373 | D:5      | Reached skill level 5 in Poison Magic
  6373 | D:5      | Reached XP level 8. HP: 9/39 MP: 7/18
  6691 | D:2      | Became a worshipper of Dithmenos the Shadowed
  6844 | D:6      | Found Plog's Jewellery Boutique.
  6872 | D:6      | Identified a +0 shortbow
  6880 | D:6      | Reached skill level 3 in Short Blades
  6904 | D:6      | Reached skill level 1 in Invocations
  6968 | D:6      | Reached skill level 6 in Stealth
  7565 | D:6      | Found a burning altar of Makhleb.
  7606 | D:6      | Found a runed translucent door.
  7611 | D:6      | Found a basalt altar of Yredelemnul.
  7662 | D:6      | Reached skill level 6 in Dodging
  7662 | D:6      | Reached skill level 2 in Invocations
  7697 | D:6      | Identified a +0 flail
  7700 | D:6      | Identified a +0 whip
  7701 | D:6      | Identified a +0 dagger
  7701 | D:6      | Identified a +0 club
  7901 | D:6      | Found a hazy altar of Hepliaklqana.
  7927 | D:6      | Identified a +0 whip
  7928 | D:6      | Identified a +2 dagger of speed
  7928 | D:6      | Identified a +0 robe
  7930 | D:6      | Identified a +1 dagger of draining
  7930 | D:6      | Identified a +0 robe
  7932 | D:6      | Identified a +0 morningstar
  7967 | D:6      | Reached skill level 6 in Poison Magic
  7975 | D:6      | Reached XP level 9. HP: 43/43 MP: 9/20
  7996 | D:6      | Found a glowing golden altar of the Shining One.
  8050 | D:6      | Found Zorih's Assorted Antiques.
  8052 | D:6      | Found Onyhet's Assorted Antiques.
  8053 | D:6      | Found Retoach's Armour Shop.
  8058 | D:6      | Identified 3 potions of magic
  8060 | D:6      | Found Fywaiw's Armour Shop.
  8142 | D:6      | Found a hide-covered altar of Uskayaw.
  8143 | D:6      | Found a white marble altar of Elyvilon.
  8657 | D:7      | Reached skill level 7 in Transmutations
  8825 | D:7      | Found a sacrificial altar of Ru.
  9002 | D:7      | Found a shattered altar of Ashenzari.
  9032 | D:7      | Got a shimmering dagger
  9033 | D:7      | Identified the +5 dagger "Hiryhurgh" {flame, +Rage rPois
                  | Int-2} (You found it on level 7 of the Dungeon)
  9079 | D:7      | Identified a +0 hand axe
  9079 | D:7      | Identified a +0 animal skin
  9092 | D:7      | Identified 3 potions of stabbing
  9105 | D:7      | Reached skill level 7 in Spellcasting
  9121 | D:7      | Reached skill level 3 in Invocations
 10093 | D:7      | Reached skill level 4 in Short Blades
 10200 | D:8      | Reached skill level 7 in Stealth
 10280 | D:8      | Identified a +1 dagger of venom
 10280 | D:8      | Identified a +0 robe
 10280 | D:8      | Identified a +0 club
 10282 | D:8      | Identified a +0 dagger
 10282 | D:8      | Identified a +0 robe
 10301 | D:8      | Reached skill level 3 in Fighting
 10304 | D:8      | Reached * piety under Dithmenos
 10315 | D:8      | Identified a +0 flail
 10343 | D:8      | Reached skill level 8 in Transmutations
 10409 | D:8      | Identified a +0 club
 10409 | D:8      | Identified a +0 chain mail
 10411 | D:8      | Identified a +0 falchion
 10412 | D:8      | Identified a +0 club
 10412 | D:8      | Identified a +0 leather armour
 10894 | D:8      | Reached skill level 4 in Invocations
 10935 | D:8      | Identified a +0 shortbow
 10945 | D:8      | Reached XP level 10. HP: 42/49 MP: 22/22
 11017 | D:8      | Identified a +0 trident
 11017 | D:8      | Identified a +0 dagger
 11017 | D:8      | Identified a +0 robe
 11018 | D:8      | Identified a +0 dagger
 11018 | D:8      | Identified a +0 leather armour
 11018 | D:8      | Identified a +0 scale mail
 11043 | D:8      | Found a glowing golden altar of the Shining One.
 11108 | D:8      | Reached skill level 8 in Spellcasting
 11204 | D:8      | Reached skill level 7 in Dodging
 11577 | D:9      | Identified a +0 dagger
 11577 | D:9      | Identified a +0 robe
 11577 | D:9      | Identified a +0 whip
 11577 | D:9      | Identified a +0 ring mail
 11577 | D:9      | Identified a +0 club
 11577 | D:9      | Identified a +0 leather armour
 11577 | D:9      | Identified a +0 club
 11577 | D:9      | Identified a +0 leather armour
 11577 | D:9      | Identified a +0 mace
 11579 | D:9      | Reached skill level 7 in Poison Magic
 11579 | D:9      | Identified a +3 battleaxe
 11579 | D:9      | Identified a +0 robe
 11718 | D:8      | Reached ** piety under Dithmenos
 11773 | D:9      | Identified a cursed +0 scimitar
 11773 | D:9      | Identified a +0 robe
 11778 | D:9      | Identified a +5 battleaxe
 11778 | D:9      | Identified a +0 robe
 11812 | D:9      | Identified an amulet of faith (You found it on level 9 of
                  | the Dungeon)
 11940 | D:9      | Identified a cursed +2 scimitar of freezing
 11940 | D:9      | Identified a +0 robe
 11942 | D:9      | Identified a +2 hat
 11942 | D:9      | Noticed Gastronok
 12115 | D:9      | Identified a +0 dire flail
 12115 | D:9      | Identified a +0 chain mail
 12115 | D:9      | Identified a +0 dagger of protection
 12115 | D:9      | Identified a +0 robe
 12115 | D:9      | Identified a +0 club
 12115 | D:9      | Identified a +0 quarterstaff
 12115 | D:9      | Identified a cursed +0 ring mail
 12217 | D:9      | Identified a +2 flail of protection
 12240 | D:9      | Found a shimmering altar of Xom.
 12241 | D:9      | Found a shimmering altar of Xom.
 12241 | D:9      | Found a shimmering altar of Xom.
 12293 | D:9      | Found a shimmering altar of Xom.
 12505 | D:9      | Mangled by Gastronok

Table legend:
 A = Turns spent in this place as a percentage of turns spent in the entire game.
 B = Non-inter-level travel turns spent in this place as a percentage of non-inter-level travel turns spent in the entire game.
 C = Inter-level travel turns spent in this place as a percentage of turns spent in this place.
 D = Turns resting spent in this place as a percentage of non-inter-level travel turns spent in this place.
 E = Turns spent auto-exploring this place as a percentage of non-inter-level travel turns spent in this place.
 F = Non-inter-level travel turns spent in this place divided by the number of levels of this place that you've seen.
                   A       B       C       D       E      F
               +-------+-------+-------+-------+-------+----------------------
         Total | 100.0 | 100.0 |   3.7 |  35.1 |  39.3 | 1204.5
       Dungeon |  99.1 |  99.1 |   3.6 |  35.4 |  38.8 | 1326.3
        Temple |   0.9 |   0.9 |   8.5 |   0.0 |  99.1 | 108.0
               +-------+-------+-------+-------+-------+----------------------

Table legend:
 A = Kills in this place as a percentage of kills in entire the game.
 B = Kills by you in this place as a percentage of kills by you in the entire game.
 C = Kills by friends in this place as a percentage of kills by friends in the entire game.
 D = Other kills in this place as a percentage of other kills in the entire game.
 E = Experience gained in this place as a percentage of experience gained in the entire game.
 F = Experience gained in this place divided by the number of levels of this place that you have seen.
                   A       B       C       D       E      F
               +-------+-------+-------+-------+-------+----------------------
         Total | 100.0 | 100.0 |   N/A |   N/A | 100.0 | 791.2
       Dungeon | 100.0 | 100.0 |   N/A |   N/A | 100.0 | 879.1
               +-------+-------+-------+-------+-------+----------------------

Skill      XL: |  1  2  3  4  5  6  7  8  9 10 |
---------------+-------------------------------+-----
Spellcasting   | 3 4 6 7 8 |  8.5
Transmutations | 2 3 4 6 8 |  8.8
Dodging        | 4 5 6 7 |  7.4
Stealth        | 4 5 6 7 |  7.9
Poison Magic   | 4 5 6 7 |  7.3
Short Blades   | 1 2 3 4 |  4.8
Fighting       | 1 2 3 |  3.5
Invocations    | 2 4 |  4.7

Action                   |  1- 3 |  4- 6 |  7- 9 | 10-12 || total
-------------------------+-------+-------+-------+-------++-------
Melee: Whip              |    99 |    16 |       |       ||   115
       Short sword       |       |   190 |    90 |       ||   280
       Dagger            |       |       |   192 |   141 ||   333
Throw: Dart              |       |       |     3 |       ||     3
 Cast: Sting             |    50 |    50 |    97 |     8 ||   205
       Poisonous Vapours |       |     4 |    15 |    19 ||    38
       Ignite Poison     |       |     1 |     6 |    10 ||    17
       Olgreb's Toxic Ra |       |       |     7 |     5 ||    12
Evoke: Wand              |       |       |     1 |     3 ||     4
  Use: Scroll            |       |     3 |     1 |     1 ||     5
       Potion            |       |       |     1 |       ||     1
 Stab: Sleeping          |       |     8 |     7 |     2 ||    17
       Paralysed         |       |       |     2 |       ||     2
  Eat: Ration            |       |     1 |     5 |     1 ||     7
Armor: Robe              |     9 |     9 |     7 |     4 ||    29
Dodge: Dodged            |   117 |   179 |   198 |   109 ||   603
Block: Other             |       |    12 |    45 |    21 ||    78
       Reflection        |       |       |     1 |     1 ||     2

Vanquished Creatures
  Pikel (D:5)
  A hippogriff (D:8)
  7 yaks
  3 hogs (D:7)
  A human (D:7)
  A hungry ghost (D:8)
  3 water moccasins
  2 sky beasts
  3 ice beasts
  An orc warrior (D:9)
  4 slaves (D:5)
  A necrophage (D:9)
  A phantom (D:7)
  An ogre (D:5)
  2 centaurs
  3 bullfrogs
  2 scorpions
  4 wights
  3 crimson imps
  3 howler monkeys
  2 centaur zombies
  2 bullfrog zombies
  A jelly (D:6)
  4 hounds
  6 orc priests
  A centaur skeleton (D:8)
  8 orc wizards
  A bullfrog skeleton (D:8)
  2 iguanas (D:5)
  8 worker ants
  A hound skeleton (D:5)
  Robin (D:2)
  4 gnolls (D:6)
  10 adders
  A shadow imp (D:6)
  4 oozes (D:1)
  An adder zombie (D:5)
  5 worms
  2 dart slugs
  2 leopard geckos
  24 orcs
  6 bats
  10 giant cockroaches
  9 goblins
  10 hobgoblins
  13 jackals
  3 quokkas
  2 ball pythons
  A ball python skeleton (D:3)
  2 frilled lizards
  6 kobolds
  A leopard gecko skeleton (D:4)
  8 rats
208 creatures vanquished.
